AoeStats
← Shawstopper

Lombardia

508937989Analyzed
3v3 RM · 9d ago on Sep 24, 2026· 47m 44s· 6 players
Game mode
Random Map
Map size
Normal (6 player)
Population
200
Speed
Normal
Resources
Standard
Victory
Conquest
Starting age
Dark Age
Ending age
Imperial Age
RankedLock teamsTeams togetherTeam positionsShared explorationLock speedFull tech treeHidden civsTurbo modeCheats
Victory
Defeat
🇬🇧 Hindustanis · United Kingdom
956
+14
🇬🇧 Franks · United Kingdom
945
+14
🇬🇧 Vietnamese · United Kingdom
903
+16
🇸🇪 Celts · Sweden
1000
-55
🇸🇪 Magyars · Sweden
864
-13
🇸🇪 Mongols · Sweden
864
-13
Ollayo
6:50 Loom
9:40 Feudal Age
10:29 Double-Bit Axe
12:16 Town Watch
13:56 Bloodlines
23:18 Gold Mining
25:42 Castle Age
24:13 Horse Collar
25:48 Scale Barding Armor
25:34 Fletching
25:45 Padded Archer Armor
26:05 Forging
29:40 Husbandry
29:42 Light Cavalry
44:46 Imperial Age
42:42 Fletching
44:59 Padded Archer Armor
44:55 Bodkin Arrow
46:34 Bracer
46:57 Bow Saw
47:04 Leather Archer Armor
BackSmackBob
10:10 Feudal Age
11:14 Horse Collar
12:50 Bloodlines
24:15 Castle Age
26:17 Husbandry
26:22 Padded Archer Armor
26:12 Fletching
26:28 Scale Barding Armor
33:51 Thumb Ring
33:23 Pikeman
39:05 Imperial Age
45:04 Heavy Cavalry Archer
46:10 Parthian Tactics
45:55 Recurve Bow
47:29 Arson
Lornoor
10:40 Feudal Age
16:18 Castle Age
16:17 Double-Bit Axe
17:14 Bow Saw
18:13 Stone Mining
20:57 Horse Collar
26:02 Scale Barding Armor
28:28 Husbandry
27:50 Light Cavalry
35:37 Chain Barding Armor
36:15 Forging
36:06 Loom
38:39 Pikeman
47:59 Murder Holes
Doc Chair
7:51 Loom
11:36 Feudal Age
12:07 Double-Bit Axe
14:01 Horse Collar
18:46 Castle Age
17:44 Gold Mining
17:45 Stone Mining
20:59 Heavy Plow
22:21 Scale Mail Armor
22:31 Forging
23:32 Wheelbarrow
30:33 Elite Skirmisher
34:42 Squires
34:27 Arson
35:36 Hand Cart
38:29 Imperial Age
35:46 Town Watch
37:14 Iron Casting
36:55 Chain Mail Armor
36:41 Padded Archer Armor
36:32 Fletching
37:12 Ballistics
36:33 Treadmill Crane
38:29 Thumb Ring
40:55 Imperial Skirmisher
43:32 Chemistry
42:29 Murder Holes
42:39 Siege Engineers
42:46 Masonry
42:33 Imperial Skirmisher
43:38 Leather Archer Armor
43:19 Bodkin Arrow
43:54 Plate Mail Armor
43:55 Paper Money
44:12 Hoardings
44:40 Elite Fire Lancer
46:37 Bracer
Shawstopper
8:07 Loom
10:24 Feudal Age
12:32 Double-Bit Axe
12:28 Horse Collar
14:03 Wheelbarrow
28:09 Castle Age
27:31 Bloodlines
27:30 Scale Barding Armor
28:51 Forging
28:51 Heavy Plow
29:23 Chain Barding Armor
34:36 Hand Cart
35:23 Iron Casting
34:51 Gold Mining
40:24 Imperial Age
41:45 Heavy Camel Rider
43:01 Plate Barding Armor
43:27 Blast Furnace
42:30 Scale Mail Armor
43:18 Husbandry
44:22 Stone Mining
44:49 Bow Saw
44:43 Imperial Camel Rider
48:01 Conscription
47:48 Grand Trunk Road
47:11 Elite Ghulam
The Warden
1:05 Loom
10:50 Feudal Age
11:50 Double-Bit Axe
17:17 Scale Barding Armor
26:23 Castle Age
28:28 Chain Barding Armor
28:21 Forging
29:34 Bow Saw
30:35 Husbandry
36:39 Gold Mining
40:53 Iron Casting
48:07 Imperial Age
Connection lost

Rejoining the realm…

Still unreachable

The connection could not be restored.

Session expired

The server has moved on; the page needs a fresh start.